AoeStats
← Banon

Nomad

509522703Analyzed
4v4 RM · 6d ago on Sep 27, 2026· 40m 51s· 8 players
Game mode
Random Map
Map size
231×231
Population
200
Speed
Normal
Resources
Standard
Victory
Conquest
Starting age
Dark Age
Ending age
Imperial Age
RankedLock teamsTeams togetherTeam positionsShared explorationLock speedFull tech treeHidden civsTurbo modeCheats
Victory
Defeat
🇺🇸 Persians · United States
1363
+14
🇺🇸 Spanish · United States
1346
+15
🇲🇽 Mongols · Mexico
1331
+16
🇺🇸 Dravidians · United States
1293
+17
🇨🇳 Vikings · China
1355
-17
🇻🇳 Persians · Vietnam
1318
-15
🇯🇵 Spanish · Japan
1314
-15
🇨🇳 Hindustanis · China
1302
-15
Banon
6:08 Loom
13:54 Feudal Age
18:12 Castle Age
16:38 Double-Bit Axe
16:36 Horse Collar
19:58 Padded Archer Armor
21:21 Bow Saw
23:21 Husbandry
36:14 Leather Archer Armor
36:44 Bloodlines
38:33 Ballistics
39:04 Wheelbarrow
38:35 Town Watch
42:22 Imperial Age
40:48 Hand Cart
41:21 Heavy Plow
41:13 Stone Mining
41:14 Gold Mining
El Senador
6:04 Loom
13:31 Feudal Age
14:08 Double-Bit Axe
18:45 Castle Age
18:00 Wheelbarrow
17:35 Stone Mining
20:13 Bow Saw
19:57 Fishing Lines
21:36 Scale Mail Armor
21:47 Forging
21:47 Gold Mining
22:52 Squires
24:27 Chain Mail Armor
25:14 Iron Casting
31:45 Horse Collar
34:47 Fletching
37:16 Hand Cart
41:10 Imperial Age
Showergod
11:30 Feudal Age
14:04 Fletching
15:23 Gold Mining
17:55 Castle Age
16:22 Scale Barding Armor
16:19 Double-Bit Axe
17:29 Forging
17:44 Bloodlines
18:58 Loom
19:04 Horse Collar
23:13 Wheelbarrow
23:39 Heavy Plow
23:52 Bow Saw
23:40 Stone Mining
24:02 Fishing Lines
24:49 Medium Warships
25:11 Bodkin Arrow
25:29 Husbandry
27:02 Hand Cart
28:29 Padded Archer Armor
32:33 Imperial Age
30:10 Crossbowman
31:34 Gold Shaft Mining
31:45 Squires
32:30 Ballistics
33:22 Crop Rotation
33:53 Two-Man Saw
33:02 Kamandaran
34:15 Leather Archer Armor
34:24 Elite War Elephant
36:07 Ring Archer Armor
37:15 Conscription
38:31 Chain Barding Armor
41:25 Plate Barding Armor
El Gobernador
5:57 Loom
14:30 Feudal Age
19:33 Castle Age
21:09 Fletching
dy小妖
10:41 Loom
15:12 Feudal Age
16:04 Double-Bit Axe
16:12 Gold Mining
16:34 Town Watch
18:58 Castle Age
17:07 Scale Barding Armor
17:35 Forging
17:18 Horse Collar
20:09 Bow Saw
20:37 Wheelbarrow
23:52 Bloodlines
24:04 Chain Barding Armor
26:44 Stone Mining
27:40 Husbandry
28:46 Iron Casting
33:23 Gold Shaft Mining
Chut Pro
3:32 Loom
12:14 Feudal Age
13:51 Fishing Lines
14:26 Scale Barding Armor
22:35 Castle Age
22:26 Double-Bit Axe
23:47 Chain Barding Armor
33:01 Gillnets
35:37 Wheelbarrow
38:11 Imperial Age
35:55 Bloodlines
35:46 Husbandry
36:37 Forging
37:58 Cavalier
39:08 Gold Mining
39:29 Bow Saw
40:59 Plate Barding Armor
41:02 Iron Casting
见不久好
12:21 Loom
15:28 Feudal Age
17:19 Double-Bit Axe
19:20 Fletching
25:27 Castle Age
24:20 Gold Mining
24:31 Fishing Lines
26:22 Bodkin Arrow
PeterWong1988
5:22 Loom
6:06 Loom
13:28 Feudal Age
18:45 Castle Age
17:53 Padded Archer Armor
Connection lost

Rejoining the realm…

Still unreachable

The connection could not be restored.

Session expired

The server has moved on; the page needs a fresh start.